 Dungeon Crawl Stone Soup version 0.27-a0-1448-g9c78c815f3 (webtiles) character file.

Game seed: 17532656842045161887

42455 Lekart the Carver (level 13, 0/114 HPs)
             Began as a Green Draconian Chaos Knight on July 5, 2021.
             Was a Plaything of Xom.
             Slain by a komodo dragon (5 damage)
             ... while petrified by a catoblepas
             ... on level 6 of the Lair of Beasts.
             The game lasted 00:44:11 (22793 turns).

Lekart the Carver (Green Draconian Chaos Knight)   Turns: 22793, Time: 00:44:11

Health: 0/114      AC: 13    Str: 13    XL:     13   Next: 85%
Magic:  21/21      EV:  2    Int: 21    God:    Xom [...*..]
Gold:   1103       SH:  0    Dex: 27    Spells: 18/23 levels left

rFire    + + .     SeeInvis .   w - +3 scimitar (flame)
rCold    + + +     Faith    .   (no shield)
rNeg     + + +     Spirit   .   (armour unavailable)
rPois    ∞         Reflect  .   (helmet restricted)
rElec    +         Harm     .   A - scarf {rC+ rF+}
rCorr    +         Rampage  .   J - +1 pair of gloves of Xuumux {rC+ Int+5 Dex+4}
Will     .....     Clarity  +   f - +2 pair of boots
Stlth    ++........             d - amulet of the acrobat
HPRegen  0.29/turn              i - ring of the Imp {rElec rC+ Int+4 Dex+5}
MPRegen  0.17/turn              y - ring of resist corrosion

@: petrified, studying Staves
A: breathe noxious fumes, AC +8, unfitting armour, poison resistance,
cold-blooded, claws 2, horns 2, agile 1, clarity, cold resistance 1, fire
resistance 1, weak 1, wild magic 1
a: Breathe Noxious Fumes, Renounce Religion


You were on level 6 of the Lair of Beasts.
You worshipped Xom.
You were a favourite toy of Xom.
You visited 3 branches of the dungeon, and saw 19 of its levels.

You collected 1103 gold pieces.

Inventory:

Hand Weapons
 a - a +0 falchion of chaos
 w - a +3 scimitar of flaming (weapon)
Missiles
 b - 9 curare-tipped darts (quivered)
 g - 5 throwing nets
Armour
 f - a +2 pair of boots (worn)
 n - a +1 pair of gloves
 A - a scarf of resistance (worn)
 J - the +1 pair of gloves of Xuumux (worn) {rC+ Int+5 Dex+4}
   (You acquired it on level 4 of the Lair of Beasts)

   Int:       It affects your intelligence (+5).
   Dex:       It affects your dexterity (+4).
   rC:        It protects you from cold.
Jewellery
 d - an amulet of the acrobat (around neck)
 e - a +6 ring of strength
 i - the ring of the Imp (left hand) {rElec rC+ Int+4 Dex+5}
   (You acquired it on level 10 of the Dungeon)

   [ring of protection from cold]

   Int:       It affects your intelligence (+4).
   Dex:       It affects your dexterity (+5).
   rC:        It protects you from cold.
   rElec:     It insulates you from electricity.
 k - a ring of willpower
 r - a ring of fire
 y - a ring of resist corrosion (right hand)
Wands
 l - a wand of digging (13)
 m - a wand of paralysis (28)
 o - a wand of flame (10)
 z - a wand of charming (8)
 H - a wand of iceblast (13)
Scrolls
 c - a scroll of holy word
 h - 2 scrolls of identify
 p - 4 scrolls of fog
 s - a scroll of teleportation
 v - 2 scrolls of blinking
 B - a scroll of enchant weapon
 E - a scroll of enchant armour
 G - a scroll of magic mapping
Potions
 j - 3 potions of flight
 q - 2 potions of ambrosia
 t - 3 potions of heal wounds
 u - 2 potions of haste
 x - a potion of brilliance
 C - a potion of attraction {unknown}
 D - a potion of curing
 F - a potion of might
 I - a potion of magic


   Skills:
 + Level 10.3 Fighting
 + Level 13.7 Long Blades
 * Level 13.0 Dodging
 * Level 5.7 Spellcasting
 * Level 5.3 Hexes
 * Level 5.9 Air Magic
 + Level 3.1 Evocations


You had 18 spell levels left.
You knew the following spells:

 Your Spells              Type           Power      Damage    Failure   Level
a - Silence               Hex/Air        19%        N/A       34%         5

Your spell library contained the following spells:

 Spells                   Type           Power      Damage    Failure   Level
 Corona                   Hex            41%        N/A       2%          1
 Slow                     Hex            37%        N/A       3%          2
 Confusing Touch          Hex            37%        N/A       5%          3
 Tukima's Dance           Hex            37%        N/A       5%          3
 Ensorcelled Hibernation  Hex/Ice        44%        N/A       8%          2
 Static Discharge         Conj/Air       24%        N/A       8%          2
 Airstrike                Air            20%        N/A       13%         4
 Animate Skeleton         Necr           14%        N/A       14%         1
 Apportation              Tloc           14%        N/A       14%         1
 Summon Small Mammal      Summ           28%        N/A       14%         1
 Dazzling Flash           Conj/Hex       44%        N/A       14%         3
 Summon Guardian Golem    Hex/Summ       22%        N/A       14%         3
 Mephitic Cloud           Conj/Pois/Air  18%        N/A       19%         3
 Call Canine Familiar     Summ           7%         N/A       38%         3
 Ignite Poison            Fire/Tmut/Pois 7%         N/A       38%         3
 Summon Lightning Spire   Summ/Air       24%        N/A       38%         4
 Fulminant Prism          Conj/Hex       11%        3d9       41%         4
 Lightning Bolt           Conj/Air       12%        1d25      71%         5
 Summon Mana Viper        Hex/Summ       22%        N/A       75%         5
 Yara's Violent Unravell  Hex/Tmut       11%        3d6       75%         5
 Dispel Undead            Necr           7%         3d8       77%         4
 Iskenderun's Mystic Bla  Conj/Tloc      7%         2d4       77%         4
 Passage of Golubria      Tloc           N/A        N/A       77%         4
 Sticky Flame             Conj/Fire      7%         2d3       77%         4
 Summon Ice Beast         Ice/Summ       7%         N/A       77%         4
 Agony                    Necr           7%         N/A       97%         5
 Bolt of Magma            Conj/Fire/Erth 3%         4d5       97%         5
 Lee's Rapid Deconstruct  Erth           3%         3d6*      97%         5
 Monstrous Menagerie      Summ           3%         N/A       100%        7
 Lehudib's Crystal Spear  Conj/Erth      3%         10d3      100%        8


Dungeon Overview and Level Annotations

Branches:
Dungeon (12/15)            Temple (0/1) D:4            Lair (6/6) D:10
 Shoals (0/4) Lair:4       Spider (0/4) Lair:2          Orc (1/2) D:9
  Slime: Lair:5-6

Altars:
Cheibriados
Gozag
Nemelex Xobeh
Trog
Vehumet
Xom
Zin
Beogh

Annotations:
D:7 Menkaure


Innate Abilities, Weirdness & Mutations

You can breathe blasts of noxious fumes.
Your lurid green scales are hard. (AC +8)
You cannot fit into any form of body armour.
Your system is resistant to poisons. (rPois)
You are cold-blooded and may be slowed by cold attacks.
You have very sharp fingernails.
You have a pair of horns on your head.
You are agile. (Dex +2)
You possess an exceptional clarity of mind.
Your flesh is cold resistant. (rC+)
Your flesh is heat resistant. (rF+)
You are weak. (Str -2)
Your spells are a little harder to cast, but a little more powerful.


Message History

The wolf is heavily wounded.
You are engulfed in calcifying dust.
You are slowing down.
A wolf comes into view.
The death yak is engulfed in calcifying dust.
The elephant tramples the fungus!
The elephant trunk-slaps the fungus.
The wolf bites you.
The wolf bites the fungus!
The fungus begins to die.
Unknown command.
Unknown command.
Unknown command.
Unknown command.
You miss the wolf.
The wolf is moderately wounded.
You are engulfed in calcifying dust.
Your surroundings suddenly seem different.
Xom roars with laughter!
A komodo dragon comes into view.
Your limbs are stiffening.
Found a flail.
Unknown command.
Unknown command.
A komodo dragon is nearby!
The komodo dragon hisses angrily.
You hit the komodo dragon but do no damage.
You headbutt the komodo dragon, but do no damage.
The komodo dragon bites you!
You hit the komodo dragon but do no damage.
The komodo dragon misses you.
You have turned to stone.
The komodo dragon bites you! x2
The komodo dragon bites you!!
* * * LOW HITPOINT WARNING * * *
The komodo dragon bites you.
* * * LOW HITPOINT WARNING * * *
The komodo dragon bites you!
* * * LOW HITPOINT WARNING * * *
The komodo dragon bites you!!
* * * LOW HITPOINT WARNING * * *
The komodo dragon bites you!
You die...
Xom bursts into laughter!

..................... .
.......................
.
.......................
.
.......................
.
.......................
.
.......................
.
.......................
. ##...P#l....... #
#......@........F.F.# #
#)..#####.P.........# #
⌠....F....# ....F....P
...!...P# .......l##
.........# k.......#
........#


You could see a komodo dragon.

Vanquished Creatures
  Harold (D:8)
  The ghost of Protee the Blocker, a journeyman GnFi of Cheibriados (Lair:3)
  5 hydras
  Erica (D:8)
  An anaconda (Lair:5)
  A centaur warrior (D:11)
  An oklob plant (Lair:2)
  An ugly thing (D:11)
  A manticore (D:11)
  2 cyclopes
  9 elephants (Lair:3)
  A merfolk siren (Lair:4)
  6 black mambas
  A centaur zombie (D:11)
  12 cane toads
  8 rime drakes
  11 komodo dragons
  3 polar bears (Lair:2)
  3 trolls
  2 merfolk (Lair:4)
  Prince Ribbit (D:6)
  4 blink frogs (Lair:3)
  Grinder (D:3)
  5 dream sheep (Lair:4)
  A meliai zombie (D:10)
  A tarantella (Lair:2)
  2 shadows
  33 yaks
  A spriggan (Lair:2)
  7 wyverns
  2 steam dragons
  A golden eye (shapeshifter) (D:6)
  12 basilisks
  An acid dragon (D:10)
  16 water moccasins
  A floating eye (Lair:4)
  3 black bears
  A sky beast (D:8)
  9 orc warriors
  2 necrophages
  A swamp drake (D:8)
  An ice beast (D:6)
  8 wolves
  6 ogres
  7 centaurs
  A lemure (D:6)
  A phantom (D:5)
  2 kobold brigands (D:9)
  16 bullfrogs
  3 scorpions
  2 electric eels (Lair:2)
  A howler monkey (D:6)
  10 orc priests
  3 hounds
  A centaur skeleton (D:7)
  An iguana (D:5)
  Terence (D:3)
  4 bullfrog skeletons
  2 hell rats (Lair:5)
  7 orc wizards
  A hound skeleton (D:5)
  A howler monkey zombie (D:9)
  5 gnolls
  7 adders
  A white imp (D:5)
  4 worms (D:3)
  3 dart slugs
  44 orcs
  5 endoplasms
  8 giant cockroaches
  4 goblins
  9 hobgoblins
  6 jackals (D:4)
  26 kobolds
  A quokka (D:3)
  9 ball pythons
  4 bats
  A frilled lizard (D:2)
  8 rats
400 creatures vanquished.

Vanquished Creatures (collateral kills)
  Pikel (D:6)
  A polar bear (D:7)
  2 yaks
  Edmund (D:4)
  An orc warrior (D:6)
  A black bear (D:6)
  A lemure (D:6)
  A kobold brigand (D:6)
  A water moccasin skeleton (D:6)
  A hound (D:6)
  2 orc wizards
  4 river rats (D:6)
  A gnoll (D:4)
  A shadow imp (D:6)
  2 orcs
  2 kobolds
  A rat (D:6)
24 creatures vanquished.

Vanquished Creatures (others)
  A yak (D:11)
  A vampire (D:12)
  An ice beast (D:7)
  A necrophage (D:6)
  2 orcs (D:3)
  55 fungi
  43 plants
104 creatures vanquished.

Grand Total: 528 creatures vanquished

Notes
Turn   | Place    | Note
-------+----------+-------------------------------------------
     0 | D:1      | Lekart the Draconian Chaos Knight began the quest for the
                  | Orb.
     0 | D:1      | Reached XP level 1. HP: 19/19 MP: 1/1
     6 | D:1      | XOM: silly message
   205 | D:1      | Reached XP level 2. HP: 26/26 MP: 2/2
   947 | D:2      | You fall into a shaft and drop 1 floor!
   998 | D:3      | Reached XP level 3. HP: 33/33 MP: 3/3
  1060 | D:3      | XOM: noise
  1067 | D:3      | XOM: cast spell 'Olgreb's Toxic Radiance'
  1091 | D:3      | Found a faded altar of an unknown god.
  1103 | D:3      | Reached XP level 4. HP: 13/40 MP: 4/4
  1123 | D:3      | XOM: enchant monster (bad)
  1221 | D:2      | XOM: 3-stop teleportation journey
  1246 | D:2      | XOM: cloud trail
  1676 | D:2      | Found an opulent altar of Gozag.
  2084 | D:2      | XOM: noise
  2279 | D:3      | Noticed Terence
  2300 | D:3      | Killed Terence
  2301 | D:3      | Reached XP level 5. HP: 23/46 MP: 5/5
  2337 | D:3      | XOM: divination: detect items
  2452 | D:3      | XOM: silly message
  2668 | D:3      | Noticed Grinder
  2671 | D:3      | XOM: confuse monster(s)
  2681 | D:3      | Killed Grinder
  2682 | D:3      | Reached skill level 5 in Long Blades
  2682 | D:3      | Reached XP level 6. HP: 40/53 MP: 6/6
  2997 | D:2      | XOM: scenery: 1 doors open
  3160 | D:3      | Gained mutation: Your body sometimes deteriorates upon
                  | taking damage. [potion of mutation]
  3160 | D:3      | Gained mutation: You are frail. (-10% HP) [potion of
                  | mutation]
  3160 | D:3      | Gained mutation: You have a pair of small horns on your
                  | head. [potion of mutation]
  3494 | D:4      | Found a staircase to the Ecumenical Temple.
  3531 | D:4      | XOM: scenery: 1 doors close
  3860 | D:4      | XOM: enchant monster (good)
  3878 | D:4      | Your scales start taking on a lurid green colour.
  3878 | D:4      | Reached XP level 7. HP: 41/54 MP: 7/7
  3878 | D:4      | Gained mutation: Your system is resistant to poisons.
                  | (rPois) [Green Draconian growth]
  3899 | D:4      | Lost mutation: You are frail. (-10% HP) [potion of
                  | mutation]
  3899 | D:4      | Lost mutation: You have a pair of small horns on your head.
                  | [potion of mutation]
  3899 | D:4      | Lost mutation: Your body sometimes deteriorates upon taking
                  | damage. [potion of mutation]
  3899 | D:4      | Gained mutation: You are weak. (Str -2) [potion of
                  | mutation]
  3940 | D:4      | XOM: divination: detect items
  4015 | D:4      | XOM: silly message
  4083 | D:4      | XOM: 3-stop teleportation journey
  4139 | D:4      | XOM: confusion
  4148 | D:4      | XOM: chaos cloud
  4152 | D:4      | Reached skill level 5 in Dodging
  4500 | D:4      | XOM: confusion
  4501 | D:4      | XOM: confusion
  4514 | D:4      | Noticed Edmund
  4518 | D:4      | XOM: confuse monster(s)
  4520 | D:4      | XOM: snakes to sticks
  4533 | D:4      | Killed Edmund
  4759 | D:4      | XOM: scenery: 1 doors open
  4971 | D:5      | Entered Level 5 of the Dungeon
  5005 | D:5      | Reached skill level 5 in Fighting
  5087 | D:5      | Reached XP level 8. HP: 64/68 MP: 8/8
  5322 | D:5      | XOM: divination: detect items
  5832 | D:5      | XOM: god gift: masterwork war axe {god gift}
  5832 | D:5      | Identified the +4 war axe of Cuupsagh {freeze, +Blink rPois
                  | Int-5} (Xom gifted it to you on level 5 of the Dungeon)
  6060 | D:6      | XOM: cast spell 'Shadow Creatures'
  6111 | D:6      | Noticed Prince Ribbit
  6116 | D:6      | XOM: cast spell 'Summon Mana Viper'
  6126 | D:6      | Killed Prince Ribbit
  6433 | D:6      | Noticed a shapeshifter
  6433 | D:6      | a centaur changed into a shapeshifter
  6433 | D:6      | XOM: polymorph centaur -> shapeshifter
  6433 | D:6      | a shapeshifter changed into a golden eye
  6434 | D:6      | XOM: enchant monster (good)
  6447 | D:6      | XOM: fog
  6474 | D:6      | Noticed Pikel
  6480 | D:6      | Killed Pikel
  6481 | D:6      | Reached XP level 9. HP: 65/75 MP: 9/9
  6537 | D:6      | XOM: god gift: fizzy black potion {god gift}
  6735 | D:6      | XOM: give mutations
  6735 | D:6      | Gained mutation: You are agile. (Dex +2) [Xom's grace]
  6735 | D:6      | Gained mutation: You expend magic power (3 MP) to
                  | strengthen your wands. [Xom's grace]
  6735 | D:6      | Gained mutation: Your flesh is heat resistant. (rF+) [Xom's
                  | grace]
  6906 | D:6      | XOM: divine lightning
  6978 | D:6      | XOM: give mutations
  6978 | D:6      | Gained mutation: You have sharp fingernails. [Xom's grace]
  6978 | D:6      | Gained mutation: You have a pair of small horns on your
                  | head. [Xom's grace]
  6978 | D:6      | Gained mutation: Your flesh is cold resistant. (rC+) [Xom's
                  | grace]
  6978 | D:6      | Gained mutation: You are somewhat resistant to further
                  | mutation. [Xom's grace]
  7012 | D:6      | XOM: scenery: create altars
  7125 | D:6      | XOM: summons friendly ice devil
  7350 | D:6      | XOM: scenery: 1 doors close
  7393 | D:7      | XOM: noise
  7397 | D:7      | XOM: divine lightning
  7571 | D:6      | XOM: scenery: create altars
  7893 | D:6      | XOM: god gift: scimitar {god gift}
  7912 | D:6      | Reached skill level 1 in Evocations
  7998 | D:7      | XOM: divination: detect items
  8101 | D:7      | Noticed Menkaure
  8102 | D:7      | XOM: divination: detect creatures
  8206 | D:7      | XOM: noise
  8207 | D:7      | XOM: divination: detect items
  8340 | D:7      | XOM: divination: detect creatures
  8437 | D:7      | XOM: cloud trail
  8481 | D:7      | Found a snail-covered altar of Cheibriados.
  8674 | D:7      | XOM: confuse monster(s)
  8683 | D:7      | Noticed a polar bear
  8683 | D:7      | a yak changed into a polar bear
  8685 | D:7      | XOM: divination: detect creatures
  8697 | D:7      | Killed a polar bear
  9090 | D:8      | XOM: noise
  9097 | D:8      | XOM: cast spell 'Summon Mana Viper'
  9193 | D:8      | XOM: scenery: create altars
  9265 | D:8      | Reached XP level 10. HP: 86/86 MP: 10/10
  9334 | D:8      | Noticed Harold
  9347 | D:8      | Killed Harold
  9348 | D:8      | Reached skill level 10 in Long Blades
  9532 | D:8      | XOM: polymorph something unseen -> swamp drake
  9794 | D:8      | Noticed a centaur warrior
  9825 | D:8      | XOM: give mutation
  9825 | D:8      | Gained mutation: You possess an exceptional clarity of
                  | mind. [Xom's grace]
  9983 | D:8      | Noticed Erica
 10006 | D:8      | Killed Erica
 10007 | D:8      | Reached skill level 10 in Dodging
 10066 | D:9      | XOM: noise
 10153 | D:9      | XOM: scenery: create altars
 10524 | D:9      | Found a staircase to the Orcish Mines.
 10537 | D:9      | XOM: cast spell 'Leda's Liquefaction'
 10547 | D:9      | XOM: butterfly on damage
 10568 | D:9      | XOM: 9-stop teleportation journey
 10666 | D:9      | XOM: give mutations
 10666 | D:9      | Gained mutation: You have very sharp fingernails. [Xom's
                  | grace]
 10666 | D:9      | Gained mutation: You have a pair of horns on your head.
                  | [Xom's grace]
 10760 | Orc:1    | Entered Level 1 of the Orcish Mines
 10760 | Orc:1    | Noticed an orc sorcerer
 10867 | D:9      | Found a sparkling altar of Nemelex Xobeh.
 10867 | D:9      | XOM: god gift: 17 gold pieces
 11024 | D:9      | XOM: fog
 11049 | D:9      | XOM: blink monster(s)
 11064 | D:9      | Reached XP level 11. HP: 43/94 MP: 11/11
 11590 | D:10     | XOM: stealth player
 11590 | D:10     | Entered Level 10 of the Dungeon
 12144 | D:10     | Identified a scroll of acquirement
 12146 | D:10     | Acquired the ring of the Imp {rElec rC+ Int+4 Dex+5}
 12250 | D:10     | Learned a level 5 spell: Silence
 12282 | D:10     | XOM: enchant monster (good)
 12529 | D:10     | Found a radiant altar of Vehumet.
 12530 | D:10     | Found a bloodstained altar of Trog.
 12532 | D:10     | Found a shimmering altar of Xom.
 12534 | D:10     | Found a glowing silver altar of Zin.
 12908 | D:10     | XOM: fog
 12979 | D:10     | XOM: give mutations
 12979 | D:10     | Lost mutation: You are somewhat resistant to further
                  | mutation. [Xom's mischief]
 12979 | D:10     | Lost mutation: You expend magic power (3 MP) to strengthen
                  | your wands. [Xom's mischief]
 13097 | D:10     | Found a staircase to the Lair.
 13233 | D:11     | XOM: noise
 13236 | D:11     | Reached skill level 1 in Air Magic
 13238 | D:11     | XOM: destruction
 13239 | D:11     | Reached skill level 1 in Spellcasting
 13243 | D:11     | Noticed a green ugly thing
 13253 | D:11     | Reached skill level 1 in Hexes
 13253 | D:11     | Killed a green ugly thing
 13359 | D:11     | Noticed a centaur warrior
 13366 | D:11     | XOM: 1-stop teleportation journey
 13449 | D:11     | Noticed a five-headed hydra
 13459 | D:11     | XOM: smoke on damage
 13461 | D:11     | XOM: noise
 13462 | D:11     | XOM: enchant monster (good)
 13582 | D:11     | XOM: divination: detect creatures
 13588 | D:11     | Killed a centaur warrior
 13816 | D:11     | XOM: summons 2 hostile demons
 14715 | D:11     | XOM: noise
 14762 | D:11     | XOM: cleaving
 14770 | D:11     | XOM: confuse monster(s)
 14799 | D:11     | Killed a three-headed hydra
 14884 | D:12     | XOM: noise
 14886 | D:12     | XOM: divination: magic mapping
 14889 | D:12     | Noticed a yaktaur captain
 14903 | D:12     | XOM: noise
 15120 | Lair:1   | Entered Level 1 of the Lair of Beasts
 15164 | Lair:1   | XOM: noise
 15182 | Lair:1   | Noticed a six-headed hydra
 15192 | Lair:1   | XOM: divination: detect creatures
 15196 | Lair:1   | Killed a one-headed hydra
 15197 | Lair:1   | Reached XP level 12. HP: 69/104 MP: 16/16
 15510 | Lair:1   | XOM: 2-stop teleportation journey
 15601 | Lair:1   | Noticed a seven-headed hydra
 15605 | Lair:1   | XOM: enchant monster (good)
 15610 | Lair:1   | Killed a one-headed hydra
 15637 | Lair:1   | XOM: noise
 15759 | Lair:1   | XOM: silly message
 15775 | Lair:1   | XOM: cloud trail
 16050 | Lair:1   | XOM: divination: detect items
 16052 | Lair:1   | XOM: smoke on damage
 16142 | Lair:1   | XOM: divination: detect creatures
 16269 | Lair:2   | XOM: enchant monster (bad)
 16430 | Lair:2   | XOM: 4-stop teleportation journey
 16440 | Lair:2   | XOM: summons 2 hostile demons
 16561 | Lair:2   | XOM: potion effect (heal wounds)
 16565 | Lair:2   | XOM: swap monsters
 16752 | Lair:2   | XOM: noise
 16984 | Lair:2   | XOM: noise
 16996 | Lair:2   | Found a hole to the Spider Nest.
 17022 | Lair:2   | XOM: enchant monster (bad)
 17060 | Lair:2   | XOM: 1-stop teleportation journey
 17113 | Lair:2   | XOM: god gift: plate armour {god gift}
 17245 | Lair:2   | XOM: 1-stop teleportation journey
 17303 | Lair:2   | XOM: silly message
 17803 | Lair:2   | XOM: noise
 17819 | Lair:3   | XOM: noise
 17859 | Lair:3   | XOM: confuse monster(s)
 17962 | Lair:3   | XOM: summons friendly quasit
 18010 | Lair:3   | XOM: confuse monster(s)
 18118 | Lair:3   | XOM: divination: detect creatures
 18123 | Lair:3   | XOM: smoke on damage
 18225 | Lair:3   | XOM: cleaving
 18233 | Lair:3   | Reached XP level 13. HP: 94/112 MP: 19/19
 18443 | Lair:3   | Found a large runed translucent door.
 18443 | Lair:3   | Found a large runed translucent door.
 18611 | Lair:3   | Noticed Protee's ghost (journeyman GnFi)
 18965 | Lair:3   | XOM: scenery: create altars
 19011 | Lair:3   | XOM: cloud trail
 19091 | Lair:3   | XOM: scenery: create altars
 19104 | Lair:3   | XOM: cast spell 'Disjunction'
 19110 | Lair:3   | XOM: swap monsters
 19113 | Lair:3   | XOM: potion effect (invisibility)
 19116 | Lair:3   | XOM: summons friendly crimson imp
 19192 | Lair:3   | XOM: give mutation
 19192 | Lair:3   | Gained mutation: Your spells are a little harder to cast,
                  | but a little more powerful. [Xom's mischief]
 19281 | Lair:3   | XOM: draining
 19491 | Lair:3   | Killed Protee's ghost
 19498 | Lair:3   | Identified the +2 plate armour of Durotau {Dex+2}
 19703 | Lair:4   | XOM: scenery: create altars
 19721 | Lair:4   | Reached skill level 5 in Air Magic
 19724 | Lair:4   | XOM: summons friendly ufetubus
 20256 | Lair:4   | You fall into a shaft and drop 1 floor!
 20296 | Lair:5   | Reached skill level 5 in Spellcasting
 20474 | Lair:5   | Reached skill level 10 in Fighting
 20474 | Lair:5   | XOM: polymorph yak -> anaconda
 20475 | Lair:5   | XOM: divination: detect items
 20543 | Lair:5   | XOM: silly message
 20963 | Lair:4   | XOM: potion effect (brilliance)
 20974 | Lair:4   | XOM: divination: detect items
 21125 | Lair:4   | XOM: enchant monster (good)
 21238 | Lair:4   | XOM: cast spell 'Shadow Creatures'
 21363 | Lair:4   | Reached skill level 5 in Hexes
 21539 | Lair:4   | Found a staircase to the Shoals.
 21540 | Lair:4   | XOM: polymorph merfolk siren -> floating eye
 21549 | Lair:4   | XOM: enchant monster (bad)
 21581 | Lair:4   | XOM: silly message
 21998 | Lair:4   | XOM: silly message
 22034 | Lair:4   | Acquired the +1 pair of gloves of Xuumux {rC+ Int+5 Dex+4}
 22214 | Lair:5   | XOM: repel stairs
 22296 | Lair:5   | XOM: summons 7 hostile demons
 22408 | Lair:5   | XOM is BORED!
 22527 | Lair:5   | XOM: summons 7 hostile demons
 22688 | Lair:6   | Entered Level 6 of the Lair of Beasts
 22760 | Lair:6   | XOM: 5-stop teleportation journey
 22770 | Lair:6   | XOM: summons friendly shadow imp
 22792 | Lair:6   | HP: 4/114 [komodo dragon (11)]
 22793 | Lair:6   | Slain by a komodo dragon

Illustrated notes

Levels and vault maps discovered:
D:1:      lemuel_arrival_hallway, layout_basic
D:2:      layout_basic, basic_altar
D:3:      layout_loops_ring, chequers_ecumenical_altar_island, minmay_distorted,
          uniq_grinder, uniq_terence
D:4:      layout_gridville, minmay_temple_entry_crystal_x, grunt_ministairs_4,
          kennysheep_another_room, uniq_edmund
D:5:      layout_basic
D:6:      minmay_skewed_foursquare, layout_basic, portal_sewer_entry_e,
          lightli_minifort, uniq_pikel, uniq_prince_ribbit1
D:7:      layout_cave_pools, lemuel_round_altar, uniq_menkaure
D:8:      layout_loops_ring, serial_park_tiny_2, lightli_corner_chamber,
          uniq_harold, uniq_erica
D:9:      layout_loops_corners, kennysheep_little_box, david_orc_2,
          serial_aquarium, aquarium_bridge_square [aquarium_subvault_window,
          aquarium_subvault_bridge, aquarium_subvault_bridge,
          aquarium_subvault_bridge], aquarium_bridge_square
          [aquarium_subvault_bridge, aquarium_subvault_balcony,
          aquarium_subvault_bridge, aquarium_subvault_window],
          aquarium_window_fake, aquarium_window_corridor_1,
          aquarium_window_corner, aquarium_view_2d, aquarium_pool_four
D:10:     layout_irregular_city, minitemple, erik_lair_dragon, glass_columns_a
D:11:     layout_roguey, special_room [special_room_orc]
D:12:     minmay_strange_plus, layout_loops_ring, chequers_mini_garden
Lair:1:   layout_long_grid
Lair:2:   layout_gridlike, spider_nest_entry_rubble,
          grunt_forest_stairs_clearing, minmay_lair_oklob_chamber,
          grunt_megastairs_4
Lair:3:   layout_gridlike, ebering_ghost_disaster_area,
          grunt_forest_small_clearing_treed
Lair:4:   layout_roguey, elwin_shoals_entry_stream
Lair:5:   layout_concentric_octagons, special_room [special_room_mythical_zoo]
Lair:6:   grunt_lair_end_beastmaster, layout_big_grid, slime_altar_2,
          eino_house_with_fridge
Orc:1:    layout_caves, basic_altar, nicolae_shop_gadgets, uniq_sonja

Skill      XL: |  1  2  3  4  5  6  7  8  9 10 11 12 13 |
---------------+----------------------------------------+-----
Dodging        | 3 4 6 7 9 10 11 12 13 | 13.0
Long Blades    | 4 5 6 8 9 10 12 13 | 13.7
Fighting       | 4 5 6 7 8 9 10 | 10.3
Evocations     | 1 2 3 |  3.1
Air Magic      | 3 4 5 |  5.9
Spellcasting   | 3 4 5 |  5.7
Hexes          | 2 4 5 |  5.3

Action                   |  1- 3 |  4- 6 |  7- 9 | 10-12 | 13-15 || total
-------------------------+-------+-------+-------+-------+-------++-------
Melee: Falchion          |    99 |   184 |   339 |    66 |       ||   688
       Tailslap          |    12 |    26 |    63 |   131 |   103 ||   335
       Headbutt          |       |     9 |    35 |   184 |   132 ||   360
       Scimitar          |       |       |       |   517 |   350 ||   867
Throw: Dart              |       |       |     1 |       |       ||     1
 Cast: Silence           |       |       |       |       |     1 ||     1
 Abil: Breathe Noxious F |       |       |    10 |    15 |       ||    25
Evoke: Wand              |       |       |     6 |    22 |    16 ||    44
  Use: Scroll            |       |     5 |     5 |    11 |     7 ||    28
       Potion            |       |     4 |     3 |       |       ||     7
 Stab: Paralysed         |     1 |     5 |     2 |       |       ||     8
       Petrified         |    11 |       |       |     1 |       ||    12
       Petrifying        |     1 |       |     2 |     2 |     2 ||     7
       Confused          |       |       |     3 |    15 |       ||    18
       Sleeping          |       |       |       |     5 |     3 ||     8
       Distracted        |       |       |       |     1 |     1 ||     2
       Invisible         |       |       |       |       |     5 ||     5
Armor: Skin              |    25 |    61 |   143 |   169 |   103 ||   501
Dodge: Dodged            |    49 |   134 |   299 |   623 |   401 ||  1506
       Rpst.: Falchion   |    13 |    36 |    70 |    12 |       ||   131
       Scimitar          |       |       |       |   133 |   113 ||   246

Table legend: (Time is in decaauts)
 A = Elapsed time spent in this place.
 B = Non-inter-level travel time spent in this place.
 C = Inter-level travel time spent in this place.
 D = Time resting spent in this place.
 E = Time spent auto-exploring this place.
 F = Levels seen in this place.
 G = Mean time per level.
                   A        B        C        D        E       F      G
               +--------+--------+--------+--------+--------+-----+--------+
         Total |  22632 |  22104 |    528 |   6049 |  11950 |  19 | 1191.2 |
       Dungeon |  15091 |  14668 |    423 |   4510 |   7296 |  12 | 1257.6 |
          Lair |   7539 |   7434 |    105 |   1539 |   4653 |   6 | 1256.5 |
  Orcish Mines |      1 |      1 |      0 |      0 |      0 |   1 |    1.0 |
               +--------+--------+--------+--------+--------+-----+--------+

Top non-repeatable levels by time:
     D:6: 1978 daAuts
  Lair:3: 1833 daAuts
    D:11: 1731 daAuts
  Lair:4: 1723 daAuts
     D:9: 1714 daAuts
    D:10: 1514 daAuts
  Lair:2: 1466 daAuts
     D:4: 1447 daAuts
     D:3: 1443 daAuts
  Lair:5: 1232 daAuts
     D:2: 1197 daAuts
  Lair:1: 1188 daAuts
     D:7: 1158 daAuts
     D:8: 970 daAuts
     D:5: 955 daAuts
